 Dungeon Crawl Stone Soup version 0.18.1-50-g88ac8fd (webtiles) character file.

492 saintsgambit the Skirmisher (level 7, -2/75 HPs)
             Began as an Ogre Berserker on Sept 22, 2016.
             Was an Elder of Trog.
             Slain by a water moccasin (3 damage)
             ... on level 4 of the Dungeon.
             The game lasted 00:11:11 (3733 turns).

saintsgambit the Skirmisher (Ogre Berserker)        Turns: 3733, Time: 00:11:11

Health: -2/75      AC:  3    Str: 23    XL:     7   Next: 14%
Magic:  7/7        EV: 11    Int:  6    God:    Trog [****..]
Gold:   238        SH:  0    Dex: 11    Spells: 0 memorised, 6 levels left

rFire  . . .     SeeInvis .     a - +0 mace
rCold  . . .     Gourm    .     v - +0 robe (curse)
rNeg   . . .     Faith    .     (no shield)
rPois  .         Spirit   .     (helmet restricted)
rElec  .         Dismiss  .     (no cloak)
rCorr  .         Reflect  .     (gloves unavailable)
SustAt .         Harm     .     (boots unavailable)
MR     .....                    (no amulet)
Stlth  ++........               (no ring)
                                l - ring of stealth

@: lethally poisoned (-2 -> -36), invisible, not resistant to hostile
enchantments, unstealthy
A: unfitting armour, tough skin 1
a: Berserk, Trog's Hand, Brothers in Arms, Burn Spellbooks, Renounce Religion


You were on level 4 of the Dungeon.
You worshipped Trog.
Trog was greatly pleased with you.
You were very hungry.

You visited 1 branch of the dungeon, and saw 7 of its levels.

You collected 238 gold pieces.

Inventory:

Hand Weapons
 a - a +0 mace (weapon)
Armour
 b - a +0 animal skin
 t - a +0 robe
 v - a cursed +0 robe (worn)
Jewellery
 d - an uncursed amulet of the gourmand {unknown}
 l - a ring of stealth (left hand)
Scrolls
 e - 2 scrolls of fear
 f - 3 scrolls of identify
 h - a scroll of amnesia {unknown}
 j - 4 scrolls of noise {unknown}
 n - 2 scrolls of remove curse {unknown}
 o - a scroll of magic mapping {unknown}
 r - a scroll of random uselessness {unknown}
 s - 2 scrolls of enchant weapon {unknown}
 x - 3 scrolls of fog {unknown}
 y - a scroll of teleportation {unknown}
Potions
 g - a potion of magic
 i - a potion of brilliance {unknown}
 k - a potion of degeneration {unknown}
 m - a potion of cure mutation {unknown}
 p - a potion of curing {unknown}
Comestibles
 c - 2 bread rations
 u - a meat ration
 w - 2 slices of pizza
 A - a fruit


   Skills:
 + Level 6.2 Fighting
 + Level 5.9 Maces & Flails
 + Level 5.1 Dodging
 + Level 1.7 Stealth


You had 6 spell levels left.
You didn't know any spells.

Dungeon Overview and Level Annotations

Branches:
Dungeon (7/15)             Temple (0/1) D:4

Altars:
Okawaru

Shops:
D:4 }*

Annotations:
D:5 amarth's ghost, novice HuFi


Innate Abilities, Weirdness & Mutations

You are too large for most types of armour.
You have tough skin (AC +1).


Message History

The water moccasin is almost dead.
* * * LOW HITPOINT WARNING * * *
You feel sick. The water moccasin barely misses you.
You closely miss the water moccasin.
The water moccasin is almost dead.
* * * LOW HITPOINT WARNING * * *
You feel sick. The water moccasin bites you.
* * * LOW HITPOINT WARNING * * *
You are more poisoned.
The water moccasin poisons you! The water moccasin bites you!
* * * LOW HITPOINT WARNING * * *
You are more poisoned.
The water moccasin poisons you!
Drink which item? (? for menu, Esc to quit)
It was a potion of invisibility.
You fade into invisibility!
* * * LOW HITPOINT WARNING * * *
You feel very sick. The water moccasin bites you.
You die...

....†..........
#.#####.#####.#
#+#.....# +∩'.##### #.#
#'### #.# #### ..#
#.####..S# ###
#.##S'.S.+ # #.##S# #
#.##@##
#############.##..###..
#.......................
.............<..........
########################
# #


You could see a water moccasin and an adder.

Vanquished Creatures
  A water moccasin (D:4)
  The ghost of Autismocles the Ruffian, an amateur GrMo (D:4)
  A giant frog zombie (D:6)
  An orc priest (D:4)
  An orc wizard (D:4)
  4 gnolls (D:3)
  6 adders
  The ghost of Autismocles the Chopper, a weakling MiBe of Trog (D:3)
  4 dart slugs
  2 giant geckos
  11 orcs
  4 bats
  4 giant cockroaches
  13 goblins
  13 hobgoblins
  8 jackals
  4 quokkas
  A giant gecko skeleton (D:4)
  5 giant newts
  12 kobolds
  A quokka skeleton (D:4)
  18 rats
116 creatures vanquished.

Notes
Turn   | Place    | Note
--------------------------------------------------------------
     0 | D:1      | saintsgambit the Ogre Berserker began the quest for the Orb.
     0 | D:1      | Reached XP level 1. HP: 24/24 MP: 1/1
    68 | D:1      | Reached XP level 2. HP: 31/32 MP: 2/2
   451 | D:1      | Reached XP level 3. HP: 36/40 MP: 3/3
   486 | D:1      | Reached ** piety under Trog
   843 | D:2      | Found an iron altar of Okawaru.
  1392 | D:2      | Reached XP level 4. HP: 47/49 MP: 4/4
  1450 | D:2      | Reached *** piety under Trog
  1540 | D:2      | Reached skill level 5 in Maces & Flails
  1984 | D:3      | Reached skill level 5 in Fighting
  1992 | D:3      | Reached XP level 5. HP: 43/57 MP: 5/5
  2090 | D:3      | Noticed Autismocles's ghost (weakling MiBe)
  2102 | D:3      | Killed Autismocles's ghost
  2545 | D:3      | Reached **** piety under Trog
  2978 | D:4      | Found a staircase to the Ecumenical Temple.
  3016 | D:4      | Noticed Autismocles's ghost (amateur GrMo)
  3052 | D:4      | Killed Autismocles's ghost
  3052 | D:4      | Reached skill level 1 in Stealth
  3052 | D:4      | Reached XP level 6. HP: 28/67 MP: 6/6
  3279 | D:4      | You fall through a shaft for 3 floors!
  3319 | D:5      | Entered Level 5 of the Dungeon
  3319 | D:5      | Noticed amarth's ghost (novice HuFi)
  3322 | D:5      | Noticed an ice beast
  3451 | D:4      | Reached skill level 6 in Fighting
  3672 | D:4      | Found Acuchys's Gadget Emporium.
  3706 | D:4      | Found Vaufidan's Serpentskin Sales.
  3706 | D:4      | Noticed a water moccasin
  3706 | D:4      | Noticed a water moccasin
  3719 | D:4      | Killed a water moccasin
  3719 | D:4      | Reached skill level 5 in Dodging
  3719 | D:4      | Reached XP level 7. HP: 46/75 MP: 7/7
  3733 | D:4      | HP: 1/75 [poisoned by a water moccasin]
  3733 | D:4      | Slain by a water moccasin

Skill      XL: |  1  2  3  4  5  6 |
---------------+-------------------+-----
Dodging        | 3 4 5 |  5.1
Maces & Flails | 5 |  5.9
Fighting       | 5 6 |  6.2
Stealth        | 1 |  1.7

Action                   |  1- 3 |  4- 6 |  7- 9 || total
-------------------------+-------+-------+-------++-------
Melee: Mace              |   128 |   238 |    12 ||   378
Invok: Berserk           |     1 |     6 |       ||     7
  Use: Scroll            |       |     3 |       ||     3
       Potion            |       |     2 |     2 ||     4
 Stab: Sleeping          |       |     6 |       ||     6
  Eat: Chunk             |     1 |     3 |       ||     4
       Bread ration      |     1 |     1 |       ||     2
       Fruit             |       |     3 |       ||     3
Armor: Animal skin       |    49 |    40 |       ||    89
       Robe              |       |    22 |     1 ||    23
Dodge: Dodged            |   105 |   173 |     5 ||   283
